 Dungeon Crawl Stone Soup version 0.30-a0-718-geaa24f58ff (webtiles) character file.

Game seed: 7794484096437001933

61 mandarbmax the Vexing (level 4, -1/32 HPs)
             Began as a Formicid Hexslinger on Jan 26, 2023.
             Killed by nerve-wracking pain
             ... invoked by an orc priest
              (11 damage)
             ... on level 3 of the Dungeon.
             The game lasted 00:05:24 (1857 turns).

mandarbmax the Vexing (Formicid Hexslinger)         Turns: 1857, Time: 00:05:24

Health: -1/32      AC:  3    Str: 14    XL:     4   Next: 27%
Magic:  5/5        EV: 17    Int: 15    God:
Gold:   105        SH:  3    Dex: 14    Spells: 1/5 levels left

rFire   . . .      SeeInvis +    a - +1 sling
rCold   + . .      Faith    .    x - +0 buckler
rNeg    . . .      Spirit   .    c - +0 robe
rPois   .          Reflect  .    (helmet unavailable)
rElec   .          Harm     .    (no cloak)
rCorr   .          Rampage  .    q - +0 pair of gloves
Will    .....                    (no boots)
Stlth   +                        p - amulet of the acrobat
HPRegen 0.25/turn                e - +5 ring of evasion
MPRegen 0.09/turn                f - ring of protection from cold

@: no status effects
A: permanent stasis, dig shafts and tunnels, antennae 3, four strong arms
a: Dig, Shaft Self


You were on level 3 of the Dungeon.
You visited 1 branch of the dungeon, and saw 3 of its levels.

You collected 125 gold pieces.
You spent 20 gold pieces at shops.

Inventory:

Hand Weapons
 a - a +1 sling (weapon)
Armour
 c - a +0 robe (worn)
 q - a +0 pair of gloves (worn)
 x - a +0 buckler (worn)
Jewellery
 e - a +5 ring of evasion (left hand)
 f - a ring of protection from cold (right hand)
 l - an amulet of faith
 p - an amulet of the acrobat (around neck)
 r - a ring of protection from cold
Scrolls
 h - a scroll of magic mapping {unknown}
 k - a scroll of vulnerability {unknown}
 m - 2 scrolls of silence {unknown}
 n - a scroll of acquirement {unknown}
 o - a scroll of enchant weapon {unknown}
 t - 2 scrolls of teleportation {unknown}
 u - 2 scrolls of amnesia {unknown}
 v - a scroll of fear {unknown}
Potions
 d - 2 potions of curing {unknown}
 g - a potion of cancellation {unknown}
 i - 2 potions of heal wounds {unknown}
 j - a potion of flight {unknown}
 s - a potion of mutation {unknown}
 w - a potion of might {unknown}


   Skills:
 - Level 1.1 Fighting
 * Level 3.8 Ranged Weapons
 - Level 2.0 Dodging
 + Level 0.2 Shields
 - Level 1.1 Spellcasting
 - Level 4.0 Hexes


You had one spell level left.
You knew the following spells:

 Your Spells              Type           Power      Damage    Failure   Level
a - Slow                  Hex            48%        N/A       6%          1
b - Portal Projectile     Hex/Tloc       12%        N/A       38%         3

Your spell library contained the following spells:

 Spells                   Type           Power      Damage    Failure   Level
 Inner Flame              Hex/Fire       6%         N/A       38%         3
 Cause Fear               Hex            6%         N/A       52%         4
 Manifold Assault         Tloc           0%         N/A       97%         4
 Dispersal                Tloc           0%         N/A       100%        6
 Disjunction              Tloc           0%         N/A       100%        8


Dungeon Overview and Level Annotations

Branches:
Dungeon (3/15)

Altars:
Yredelemnul

Shops:
D:1 *


Innate Abilities, Weirdness & Mutations

You cannot be hasted, slowed, berserked, paralysed or teleported.
You can dig through walls and to a lower floor.
You have a pair of large antennae on your head. (SInv)
Your four strong arms can wield two-handed weapons with a shield.


Message History

You are too injured to fight recklessly!
Unknown command.
You are too injured to fight recklessly!
Fire: a) +1 sling
Press: ? - help, Q - select action, (/) - cycle Shift-Dir - straight line, f - orc, p - orc
Aim: an orc, wielding a +0 whip and wearing a +0 ring mail (61% to hit)
You shoot a sling bullet. The sling bullet hits the orc.
The orc is almost dead.
The orc priest calls upon Beogh to heal the orc.
The orc's wounds heal themselves!
Fire: a) +1 sling
Press: ? - help, Q - select action, (/) - cycle Shift-Dir - straight line, f/p - orc
Aim: an orc, wielding a +0 whip and wearing a +0 ring mail (61% to hit)
You shoot a sling bullet.
The sling bullet hits the orc but does no damage.
Fire: a) +1 sling
Press: ? - help, Q - select action, (/) - cycle Shift-Dir - straight line, f/p - orc
Aim: an orc, wielding a +0 whip and wearing a +0 ring mail (61% to hit)
You shoot a sling bullet. The sling bullet hits the orc.
The orc is moderately wounded.
Fire: a) +1 sling
Press: ? - help, Q - select action, (/) - cycle Shift-Dir - straight line, f/p - orc
Aim: an orc, wielding a +0 whip and wearing a +0 ring mail (61% to hit)
You shoot a sling bullet.
The sling bullet hits the orc but does no damage.
The orc is moderately wounded.
Fire: a) +1 sling
Press: ? - help, Q - select action, (/) - cycle Shift-Dir - straight line, f - orc priest, p - orc
Aim: an orc priest, wielding a +0 short sword and wearing a +0 ring mail (61% to hit)
You shoot a sling bullet.
The sling bullet hits the orc priest but does no damage.
A rat comes into view.
Fire: a) +1 sling
Press: ? - help, Q - select action, (/) - cycle Shift-Dir - straight line, f/p - orc priest
Aim: an orc priest, wielding a +0 short sword and wearing a +0 ring mail (61% to hit)
You shoot a sling bullet.
The sling bullet closely misses the orc priest.
The orc priest mumbles some strange prayers to Beogh against you.
Pain shoots through your body!
You die...

#.......#
#☼#####.# #°#
#.# #°# #.#
#°# #.# #.#
#.# #°# #.#
#.# #.# #@#
#.°°○#°○oo.$#
##r## ##o####
# #


You could see an orc priest, 2 orcs and a rat.

Vanquished Creatures
  2 adders (D:2)
  2 dart slugs (D:2)
  An orc (D:3)
  5 ball pythons
  2 endoplasms (D:1)
  3 giant cockroaches (D:1)
  3 goblins
  2 hobgoblins
  2 jackals (D:3)
  4 quokkas (D:1)
  4 bats (D:1)
  3 frilled lizards
  A kobold (D:1)
  3 rats
37 creatures vanquished.

Notes
Turn   | Place    | Note
-------+----------+-------------------------------------------
     0 | D:1      | mandarbmax the Formicid Hexslinger began the quest for the
                  | Orb.
     0 | D:1      | Reached XP level 1. HP: 15/15 MP: 2/2
   117 | D:1      | Found a faded altar of an unknown god.
   175 | D:1      | Reached XP level 2. HP: 6/21 MP: 0/3
   702 | D:1      | Found Edapp's General Store.
   718 | D:1      | Bought a scroll of identify for 20 gold pieces
   947 | D:1      | Reached XP level 3. HP: 26/26 MP: 4/4
  1149 | D:1      | Learned a level 3 spell: Portal Projectile
  1475 | D:2      | Reached XP level 4. HP: 32/32 MP: 3/5
  1494 | D:2      | Found a basalt altar of Yredelemnul.
  1835 | D:3      | Reached skill level 4 in Hexes
  1857 | D:3      | Killed from afar by an orc priest

Illustrated notes

Levels and vault maps discovered:
D:1:      dreamdust_arrival_sigmund_warning, layout_rooms, serial_shops,
          nicolae_shop_advertising_works [nicolae_subvault_shop_adworks],
          dreamdust_ecumenical_altar_angels_and_demons, serial_co_window_serial,
          co_window_corner_a, co_window_paths_a, co_window_paths_a,
          co_window_paths_a, co_window_paths_b, co_window_of_opportunity_c,
          co_window_corner_b, co_window_cross_3, co_window_corner_ca,
          co_window_2corner, co_window_4corner_b, glass_columns_b,
          glass_columns_c, minmay_box_of_dots
D:2:      layout_loops_ring, basic_altar
D:3:      layout_loops_ring, nicolae_overflow_quartered_altars

Skill      XL: |  1  2  3  4 |
---------------+-------------+-----
Dodging        | 2 |  2.0
Ranged Weapons | 3 |  3.8
Hexes          | 4 |  4.0
Fighting       | |  1.1
Shields        | |  0.2
Spellcasting   | |  1.1

Action                     |  1- 3 |  4- 6 || total
---------------------------+-------+-------++-------
   Fire: Sling             |   115 |    29 ||   144
   Cast: Slow              |    11 |     1 ||    12
    Use: Scroll            |     1 |     1 ||     2
 Armour: Robe              |     6 |       ||     6
  Dodge: Dodged            |    56 |    10 ||    66
  Block: Buckler           |       |     1 ||     1

Table legend: (Time is in decaauts)
 A = Elapsed time spent in this place.
 B = Non-inter-level travel time spent in this place.
 C = Inter-level travel time spent in this place.
 D = Time resting spent in this place.
 E = Time spent auto-exploring this place.
 F = Levels seen in this place.
 G = Mean time per level.
                   A        B        C        D        E       F      G
               +--------+--------+--------+--------+--------+-----+--------+
         Total |   1891 |   1844 |     47 |      0 |   1475 |   3 |  630.3 |
       Dungeon |   1891 |   1844 |     47 |      0 |   1475 |   3 |  630.3 |
               +--------+--------+--------+--------+--------+-----+--------+

Top non-repeatable levels by time:
     D:1: 1178 daAuts
     D:2: 637 daAuts
     D:3: 75 daAuts
